 Dungeon Crawl Stone Soup version 0.20.0-15-g7f486f2 (webtiles) character file.

10553 louis the Grappler (level 11, 0/79 HPs)
             Began as a Black Draconian Transmuter on June 19, 2017.
             Was a High Priest of Okawaru.
             Killed from afar by a white imp (10 damage)
             ... with a puff of frost
             ... on level 1 of the Lair of Beasts.
             The game lasted 00:46:11 (11213 turns).

louis the Grappler (Black Draconian Transmuter)    Turns: 11213, Time: 00:46:12

Health: 0/79       AC:  3    Str: 13    XL:     11   Next: 37%
Magic:  24/26      EV: 25    Int: 23    God:    Okawaru [*****.]
Gold:   540        SH:  0    Dex: 16    Spells: 12/27 levels left

rFire    . . .     SeeInvis .     - Unarmed
rCold    . . .     Gourm    .   (shield currently unavailable)
rNeg     . . .     Faith    .   (armour unavailable)
rPois    x         Spirit   .   (helmet currently unavailable)
rElec    .         Reflect  .   (cloak currently unavailable)
rCorr    .         Harm     .   (gloves currently unavailable)
MR       .....                  (boots currently unavailable)
Stlth    +++.......             f - amulet of regeneration
Regen    0.7/turn               k - +1 ring of protection
MPRegen  0.2/turn               j - +6 ring of intelligence

@: about to teleport, spider-form
A: (breathe lightning), unfitting armour, high mp 1, wild magic 1, no potion
heal 1, AC +7
a: End Transformation, Heroism, Finesse, Renounce Religion


You were on level 1 of the Lair of Beasts.
You worshipped Okawaru.
Okawaru was extremely pleased with you.
You were not hungry.
You were a venomous arachnid creature.
You visited 4 branches of the dungeon, and saw 14 of its levels.

You collected 540 gold pieces.

Inventory:

Missiles
 a - 101 arrows
 y - a throwing net (quivered)
Armour
 v - a +1 cloak (melded)
 B - a +2 buckler
Jewellery
 f - an amulet of regeneration (around neck)
 h - an uncursed ring of see invisible
 j - a +6 ring of intelligence (right front leg)
 k - a +1 ring of protection (left front leg)
Wands
 t - a wand of lightning (9/15)
 w - a wand of enslavement (8/24)
Scrolls
 l - 6 scrolls of identify
 n - a scroll of enchant weapon
 p - 7 scrolls of teleportation
 r - 3 scrolls of remove curse
Potions
 d - a potion of berserk rage {unknown}
 e - 3 potions of mutation
 i - 3 potions of flight
 o - a potion of resistance {unknown}
 q - 4 potions of curing
 s - 2 potions of lignification {unknown}
 u - 2 potions of magic {unknown}
 x - 2 potions of might
 z - 3 potions of haste
 A - 2 potions of agility
 C - 8 potions of degeneration
 D - a potion of cancellation {unknown}
Books
 b - a book of Changes

   Spells                             Type                      Level
   a - Beastly Appendage              Transmutation                1
   b - Sticks to Snakes               Transmutation                2
   c - Spider Form                    Transmutation/Poison         3
   d - Ice Form                       Ice/Transmutation            4
   e - Blade Hands                    Transmutation                5
Comestibles
 c - 8 bread rations
 g - 11 meat rations
 m - 7 royal jellies
 E - 11 chunks of flesh
 F - 4 fruits


   Skills:
 - Level 1.9 Fighting
 * Level 6.6 Dodging
 + Level 4.4 Stealth
 + Level 9.6 Unarmed Combat
 * Level 8.9 Spellcasting
 * Level 9.0 Transmutations
 * Level 2.1 Ice Magic
 - Level 1.0 Poison Magic
 + Level 0.2 Invocations


You had 12 spell levels left.
You knew the following spells:

 Your Spells              Type           Power        Failure   Level  Hunger
a - Beastly Appendage     Tmut           ######       3%          1    None
b - Spider Form           Tmut/Pois      #####.....   13%         3    None
c - Sticks to Snakes      Tmut           ######..     4%          2    None
d - Blade Hands           Tmut           ######....   19%         5    ####...
e - Ice Form              Ice/Tmut       #####...     24%         4    ##.....


Dungeon Overview and Level Annotations

Branches:
Dungeon (11/15)            Temple (1/1) D:6            Lair (1/6) D:8
    Orc (1/2) D:10

Altars:
Ashenzari
Cheibriados
Dithmenos
Elyvilon
Fedhas
Gozag
Hepliaklqana
Kikubaaqudgha
Makhleb
Nemelex Xobeh
Okawaru
Qazlal
Ru
Sif Muna
Trog
Uskayaw
Vehumet
Xom
Yredelemnul
Zin
The Shining One

Shops:
D:9 [

Annotations:
D:11 Grum, Josephine


Innate Abilities, Weirdness & Mutations

((You can breathe wild blasts of lightning.))
((Your glossy black scales are hard. (AC +7)))
You cannot fit into any form of body armour.
((You are resistant to electric shocks. (rElec)))
((You are cold-blooded and may be slowed by cold attacks.))
((You have a pair of small horns on your head.))
You have an increased reservoir of magic. (+10% MP)
Your spells are a little harder to cast, but a little more powerful.
Potions are less effective at restoring your health.


Message History

The white imp gestures at you. The puff of frost hits you!
* * * LOW HITPOINT WARNING * * *
You completely miss the white imp.
The white imp is severely wounded.
The white imp hits you but does no damage.
The white imp misses you. The white imp completely misses you.
The white imp closely misses you.
Unknown command.
Your system partially rejects the healing.
You feel better. The white imp closely misses you.
The white imp gestures at you. The puff of frost misses you.
The white imp barely misses you. x2
As you read the scroll of teleportation, it crumbles to dust.
You feel strangely unstable. The white imp gestures at you.
The puff of frost misses you. The white imp gestures at you.
The puff of frost hits you!
You die...

♣P♣.......# ... .#
♣♣.......# ##..# #.##
♣........# #...# 5...#
....##...# #..# ....#
#..####..# #..#######
5.5..# #..###...#
#...##.#P##....5.
#...###..##
##.5.............[ #...#
#...# #.555.......5.#
#..## #..P#
##5s##.#####...5.. #..#
#(.## #..#### .#.## ...#
##..### #..### #
#.>###..)#P####..#.#####
.........)..............
........................
..................###.P.
..................# #.
..................#


You could see 5 white imps.

Vanquished Creatures
  Harold (Lair:1)
  Erica (D:9)
  2 two-headed ogres
  The ghost of Fingolfin the Transmogrifier, a novice NaTm of Cheibriados (D:8)
  A hornet (D:7)
  Grinder (D:6)
  16 yaks
  2 wyverns
  A basilisk (D:11)
  A water moccasin (D:6)
  Duvessa (D:5)
  A porcupine (Lair:1)
  A swamp drake (D:10)
  An ice beast (D:11)
  4 orc warriors
  4 sky beasts
  6 ogres
  3 wolves
  2 centaurs
  3 crocodiles
  A wyvern zombie (D:9)
  A big kobold (D:9)
  5 bullfrogs
  A gnoll sergeant (D:5)
  Dowan (D:5)
  3 scorpions
  2 howler monkeys (D:7)
  4 crimson imps
  2 hounds (D:5)
  4 orc priests
  2 bullfrog skeletons
  5 centaur skeletons
  3 jellies
  7 orc wizards
  Crazy Yiuf (D:5)
  3 iguanas
  6 worker ants
  A hound skeleton (D:4)
  A howler monkey zombie (D:8)
  14 adders
  4 gnolls (D:5)
  2 howler monkey skeletons
  2 shadow imps
  2 white imps (Lair:1)
  An adder zombie (D:5)
  3 oozes
  An adder skeleton (D:9)
  2 worms (D:3)
  A dart slug (D:4)
  5 leopard geckos
  29 orcs
  7 giant cockroaches
  7 goblins
  8 hobgoblins
  7 jackals
  9 kobolds
  7 quokkas
  6 bats
  3 frilled lizards
  A leopard gecko skeleton (D:9)
  2 quokka skeletons (D:5)
  2 quokka zombies
  10 rats
241 creatures vanquished.

Vanquished Creatures (collateral kills)
  A hippogriff (D:10)
  2 jellies
  An orc wizard (D:10)
  A gnoll (D:5)
  An orc (D:8)
  A jackal (D:10)
7 creatures vanquished.

Grand Total: 248 creatures vanquished

Notes
Turn   | Place    | Note
-------+----------+-------------------------------------------
     0 | D:1      | louis the Draconian Transmuter began the quest for the Orb.
     0 | D:1      | Reached XP level 1. HP: 16/16 MP: 3/3
   578 | D:1      | Reached XP level 2. HP: 23/23 MP: 3/5
  1074 | D:2      | Reached XP level 3. HP: 12/29 MP: 4/6
  1136 | D:2      | Learned a level 3 spell: Spider Form
  1987 | D:2      | Reached XP level 4. HP: 36/36 MP: 5/7
  2261 | D:3      | Learned a level 2 spell: Sticks to Snakes
  2553 | D:3      | Reached XP level 5. HP: 41/41 MP: 9/9
  2715 | D:3      | Reached skill level 1 in Poison Magic
  3196 | D:4      | Got a colourful robe
  3260 | D:4      | Noticed an ogre
  3279 | D:4      | Killed an ogre
  3279 | D:4      | Reached skill level 1 in Stealth
  3279 | D:4      | Reached XP level 6. HP: 48/48 MP: 2/11
  3877 | D:5      | Entered Level 5 of the Dungeon
  4089 | D:5      | Noticed a sky beast
  4390 | D:5      | Found a runed door.
  4396 | D:5      | Noticed Crazy Yiuf
  4406 | D:5      | Killed Crazy Yiuf
  4406 | D:5      | Your scales start taking on a glossy black colour.
  4406 | D:5      | Reached XP level 7. HP: 47/53 MP: 7/12
  4406 | D:5      | Gained mutation: You are resistant to electric shocks. (rElec) [Black Draconian growth]
  4673 | D:5      | Noticed Dowan
  4682 | D:5      | Noticed Duvessa
  4695 | D:5      | Killed Dowan
  4701 | D:5      | Killed Duvessa
  5234 | D:6      | Reached XP level 8. HP: 56/61 MP: 15/15
  5340 | D:6      | Noticed Grinder
  5353 | D:6      | Killed Grinder
  5353 | D:6      | Reached skill level 5 in Unarmed Combat
  5353 | D:6      | Reached skill level 5 in Spellcasting
  5353 | D:6      | Reached skill level 5 in Transmutations
  5420 | D:6      | Found a staircase to the Ecumenical Temple.
  5426 | Temple   | Entered the Ecumenical Temple
  5555 | Temple   | Became a worshipper of Warmaster Okawaru
  6277 | D:7      | Reached * piety under Okawaru
  6536 | D:7      | Reached skill level 5 in Dodging
  6536 | D:7      | Reached XP level 9. HP: 50/67 MP: 9/17
  6597 | D:7      | Paralysed by a hornet for 1 turns
  7110 | D:8      | Found a staircase to the Lair.
  7120 | D:8      | Noticed a two-headed ogre
  7136 | D:8      | Killed a two-headed ogre
  7136 | D:8      | Reached ** piety under Okawaru
  7594 | D:8      | Noticed Fingolfin's ghost (novice NaTm)
  7825 | D:8      | Found a white marble altar of Elyvilon.
  7987 | D:8      | Killed Fingolfin's ghost
  7987 | D:8      | Reached *** piety under Okawaru
  7987 | D:8      | Reached XP level 10. HP: 36/73 MP: 9/20
  8129 | Lair:1   | Entered Level 1 of the Lair of Beasts
  8294 | D:9      | Noticed Erica
  8320 | D:9      | Killed Erica
  8541 | D:9      | Reached **** piety under Okawaru
  8834 | D:9      | Found Goosch's Armour Shoppe.
  8852 | D:9      | Gained mutation: You have an increased reservoir of magic. (+10% MP) [potion of mutation]
  8852 | D:9      | Gained mutation: Your spells are a little harder to cast, but a little more powerful. [potion of mutation]
  8852 | D:9      | Gained mutation: Potions are less effective at restoring your health. [potion of mutation]
  8852 | D:9      | Gained mutation: You have a pair of small horns on your head. [potion of mutation]
  8883 | D:9      | Learned a level 5 spell: Blade Hands
  9128 | D:9      | Learned a level 4 spell: Ice Form
  9177 | D:10     | Entered Level 10 of the Dungeon
  9216 | D:10     | Noticed a two-headed ogre
  9227 | D:10     | Killed a two-headed ogre
  9657 | D:10     | Found a shimmering altar of Xom.
  9659 | D:10     | Found a shimmering altar of Xom.
  9659 | D:10     | Found a shimmering altar of Xom.
  9832 | D:10     | Found a staircase to the Orcish Mines.
  9836 | D:10     | Reached XP level 11. HP: 77/79 MP: 20/25
 10129 | D:11     | Reached ***** piety under Okawaru
 10321 | D:11     | Noticed Josephine
 10539 | D:11     | Reached skill level 1 in Ice Magic
 10645 | D:11     | Noticed Grum
 10758 | Orc:1    | Entered Level 1 of the Orcish Mines
 11140 | Lair:1   | Noticed Harold
 11155 | Lair:1   | Killed Harold
 11155 | Lair:1   | Received a gift from Okawaru
 11210 | Lair:1   | HP: 3/79 [white imp/puff of frost (7)]
 11213 | Lair:1   | Killed from afar by a white imp

Skill      XL: |  1  2  3  4  5  6  7  8  9 10 11 |
---------------+----------------------------------+-----
Dodging        | 2 3 4 5 6 |  6.6
Poison Magic   | 1 |  1.0
Spellcasting   | 3 4 5 7 8 |  8.9
Unarmed Combat | 4 6 7 9 |  9.6
Transmutations | 3 4 5 7 8 9 |  9.0
Stealth        | 1 2 3 4 |  4.4
Ice Magic      | 2 |  2.1
Fighting       | |  1.9
Invocations    | |  0.2

Action                   |  1- 3 |  4- 6 |  7- 9 | 10-12 || total
-------------------------+-------+-------+-------+-------++-------
Melee: Unarmed           |   152 |   239 |   317 |   311 ||  1019
       Tailslap          |     8 |    21 |     7 |    16 ||    52
       Kick              |    11 |    14 |       |    11 ||    36
       Headbutt          |     4 |     4 |     8 |    18 ||    34
       Punch             |       |     1 |     1 |     2 ||     4
Throw: Throwing net      |       |       |       |     1 ||     1
 Cast: Beastly Appendage |    20 |    17 |     9 |    15 ||    61
       Spider Form       |       |    17 |    31 |    13 ||    61
       Sticks to Snakes  |       |     8 |    29 |    16 ||    53
       Blade Hands       |       |       |       |     8 ||     8
       Ice Form          |       |       |       |     4 ||     4
Invok: Heroism           |       |       |     2 |       ||     2
 Abil: Breathe Lightning |       |       |     3 |       ||     3
  Use: Scroll            |     7 |     3 |     4 |     6 ||    20
       Potion            |       |       |       |     4 ||     4
 Stab: Sleeping          |     2 |     2 |     5 |     3 ||    12
       Distracted        |       |     1 |     4 |     1 ||     6
  Eat: Chunk             |     3 |     3 |     3 |       ||     9
       Bread ration      |     1 |     1 |     2 |     2 ||     6
       Meat ration       |       |       |       |     1 ||     1
Armor: Skin              |    52 |    51 |    41 |    50 ||   194
Dodge: Dodged            |   113 |   194 |   228 |   221 ||   756
